 Dungeon Crawl Stone Soup version 0.19-a0-790-ge39e1af (webtiles) character file.

107500 suvakkihuora the Severer (level 16, -32/129 HPs)
             Began as a Formicid Chaos Knight on June 26, 2016.
             Was a High Priest of Cheibriados.
             Killed from afar by an Ice Fiend (46 damage)
             ... with a bolt of cold
             ... summoned by a deep elf demonologist
             ... on level 3 of the Elven Halls.
             The game lasted 00:49:40 (14784 turns).

suvakkihuora the Severer (Formicid Chaos Knight)   Turns: 14784, Time: 00:49:40

Health: -32/129    AC: 29    Str: 38    XL:     16   Next: 60%
Magic:  21/21      EV: 21    Int: 23    God:    Cheibriados [*****.]
Gold:   871        SH: 16    Dex: 23    Spells: 0 memorised, 15 levels left

rFire  + . .     SeeInvis +     Q - +4 battleaxe (venom)
rCold  . . .     Gourm    .     y - +3 plate armour
rNeg   . . .     Faith    .     O - +2 shield
rPois  +         Spirit   .     (helmet unavailable)
rElec  .         Dismiss  .     b - +2 cloak {rPois}
rCorr  .         Reflect  .     x - +1 pair of gloves {Str+3}
SustAt .         Harm     .     C - +2 pair of boots {Fly}
MR     +....                    Z - amulet of regeneration
Stlth  ..........               w - ring of protection from fire
                                l - +5 ring of evasion

@: flying, very slow, somewhat resistant to hostile enchantments, extremely
unstealthy
A: permanent stasis, dig shafts and tunnels, four strong arms, antennae 3,
blurry vision 2, dopey 2, low mp 1, screaming 1, subdued magic 1, MP-powered
wands
a: Dig, Shaft Self, Bend Time, Temporal Distortion, Slouch, Step From Time,
Renounce Religion, Stop Flying
}: 1/15 runes: abyssal


You were on level 3 of the Elven Halls.
You worshipped Cheibriados.
Cheibriados was extremely pleased with you.
You were not hungry.

You visited 3 branches of the dungeon, and saw 16 of its levels.
You visited the Abyss 1 time.
You visited 1 bazaar.

You collected 1525 gold pieces.
You spent 654 gold pieces at shops.

Inventory:

Hand Weapons
 h - the +9 staff of Olgreb {rPois}
   (You found it on level 10 of the Dungeon)

   It protects you from poison.
 t - a +0 blowgun
 Q - a +4 battleaxe of venom (weapon)
Missiles
 q - a throwing net
 u - 26 poisoned needles
 B - 8 poisoned javelins (quivered)
 G - 36 tomahawks
Armour
 b - a +2 cloak of poison resistance (worn)
 x - a +1 pair of gloves of strength (worn)
 y - a +3 plate armour (worn)
 C - a +2 pair of boots of flying (worn)
 O - a +2 shield (worn)
Magical Staves
 P - an uncursed staff of fire {unknown}
Jewellery
 i - an uncursed ring of protection from cold
 l - a +5 ring of evasion (left hand)
 r - an uncursed amulet of the gourmand {unknown}
 s - an uncursed ring of stealth
 w - a ring of protection from fire (right hand)
 D - an uncursed ring of positive energy
 H - the ring of the Curious Runes {rElec rPois rC+ MR- Int+4}
   (You took it off a deep elf elementalist on level 3 of the Elven Halls)

   [ring of protection from cold]

   It affects your intelligence (+4).
   It protects you from cold.
   It insulates you from electricity.
   It protects you from poison.
   It affects your resistance to hostile enchantments.
 I - an uncursed ring of flight
 K - an uncursed amulet of dismissal
 Z - an amulet of regeneration (around neck)
Wands
 e - a wand of disintegration (9/24)
 g - a wand of flame (11/48)
 j - a wand of lightning (8/15)
 L - a wand of confusion (27/48)
 T - a wand of digging (15/24)
 W - a wand of iceblast (9/15)
Scrolls
 n - 2 scrolls of immolation
 p - 3 scrolls of remove curse
 A - 4 scrolls of fear
 N - 3 scrolls of identify
Potions
 a - a potion of might
 k - 3 potions of brilliance
 o - 2 potions of curing
 S - 4 potions of lignification
 Y - a potion of berserk rage
Books
 m - a book of Ice

   Spells                             Type                      Level
   a - Ice Form                       Ice/Transmutation            4
   b - Metabolic Englaciation         Hexes/Ice                    5
   c - Ozocubu's Refrigeration        Ice                          6
   d - Bolt of Cold                   Conjuration/Ice              6
   e - Freezing Cloud                 Conjuration/Ice/Air          6
   f - Simulacrum                     Ice/Necromancy               6
 v - a book of the Earth

   Spells                             Type                      Level
   a - Leda's Liquefaction            Hexes/Earth                  4
   b - Bolt of Magma                  Conjuration/Fire/Earth       5
   c - Statue Form                    Transmutation/Earth          6
   d - Iron Shot                      Conjuration/Earth            6
   e - Shatter                        Earth                        9
 M - a book of Fire

   Spells                             Type                      Level
   a - Ignite Poison                  Fire/Transmutation/Poison    3
   b - Fireball                       Conjuration/Fire             5
   c - Bolt of Fire                   Conjuration/Fire             6
   d - Delayed Fireball               Conjuration/Fire             7
   e - Ring of Flames                 Charms/Fire                  7
 V - a book of Misfortune

   Spells                             Type                      Level
   a - Confusing Touch                Hexes                        2
   b - Confuse                        Hexes                        3
   c - Gell's Gravitas                Hexes/Translocation          3
   d - Petrify                        Transmutation/Earth          4
   e - Metabolic Englaciation         Hexes/Ice                    5
   f - Yara's Violent Unravelling     Hexes/Transmutation          5
Miscellaneous
 F - a phial of floods (inert)
Comestibles
 c - 6 bread rations
 d - 3 royal jellies
 f - 27 fruits
 z - 2 meat rations
 E - 3 chunks of flesh


   Skills:
 * Level 12.9 Fighting
 * Level 16.4 Axes
 * Level 14.6 Armour
 * Level 8.3 Dodging
 - Level 9.0 Shields
 - Level 10.4 Invocations


You had 15 spell levels left.
You didn't know any spells.

Dungeon Overview and Level Annotations

Branches:
Dungeon (11/15)            Temple (0/1) D:5            Lair (0/6) D:10
    Orc (2/2) D:11            Elf (3/3) Orc:2

Altars:
Cheibriados
Xom
Beogh

Shops:
D:4 (}!:   D:6 [   D:10 !   Orc:2 [*(=   Elf:1 [   Elf:3 }

Annotations:
D:9 exclusion: door


Innate Abilities, Weirdness & Mutations

You are under a permanent stasis effect.
You can dig through walls and to a lower floor.
Your four strong arms can wield two-handed weapons with a shield.
You have a pair of large antennae on your head. (SInv)
Scrolls take you longer to read.
You are very dopey. (Int -4)
Your magical capacity is low. (-10% MP)
You occasionally shout uncontrollably at your foes.
Your spells are a little easier to cast, but a little less powerful.
You expend magic power (3 MP) to strengthen your wands.


Message History

You barely miss the Ice Fiend.
The Ice Fiend is moderately wounded.
The Ice Fiend calls on the powers of darkness!
Your body is wracked with pain!
* * * LOW HITPOINT WARNING * * *
You barely miss the Ice Fiend.
The Ice Fiend is moderately wounded.
You slice the Ice Fiend!!
The Ice Fiend is heavily wounded.
The Ice Fiend gestures at you. The bolt of cold misses you.
You slice the Ice Fiend!!
The Ice Fiend is severely wounded.
The Ice Fiend misses you. The Ice Fiend completely misses you.
You barely miss the Ice Fiend.
The Ice Fiend is severely wounded.
The Ice Fiend gestures at you. The bolt of cold hits you!
You die...
Xom titters!

### ##@# #1## ##########
####{##### .......[.#
#.#{{.##.## #
...<.....#####..)##...## ...
...............)##.....#.....
...∩.....#####..(((.⌠(.......
.........# ##.##.....#.....
.........# #####...## ...


You could see an Ice Fiend.

Vanquished Creatures
  A juggernaut (Abyss:4)
  A deep elf master archer (Elf:3)
  A deep elf blademaster (Elf:3)
  A daeva (Abyss:4)
  5 deep elf sorcerers
  A deep elf elementalist (Elf:3)
  An orc warlord (Orc:2)
  An angel (Abyss:4)
  2 ophanim (Abyss:4)
  8 deep elf annihilators
  3 deep elf demonologists
  4 deep elf death magi (Elf:3)
  2 deep elf high priests (Elf:3)
  A hydra (D:11)
  A thrashing horror (Abyss:3)
  8 dancing weapons
  4 orc high priests (Orc:2)
  6 deep elf knights
  2 cherubim (Abyss:4)
  7 deep elf archers
  4 hill giants
  An obsidian statue (D:11)
  3 orc knights (Orc:2)
  6 orc sorcerers
  An ugly thing (D:11)
  A worldbinder (Abyss:4)
  35 deep elf magi
  2 sixfirhies (Abyss:3)
  A smoke demon (Abyss:3)
  A spiny frog (D:11)
  3 kobold demonologists (D:11)
  An ancient zyme (Abyss:3)
  3 trolls
  Grinder (D:6)
  A two-headed ogre (D:10)
  5 starcursed masses (Abyss:3)
  A wraith (D:11)
  An air elemental (Elf:1)
  A wyvern (D:11)
  A ynoxinul (Abyss:3)
  2 fire bats (Orc:1)
  5 yaks (D:9)
  2 fire elementals
  A hippogriff (D:10)
  3 hungry ghosts
  5 soldier ants (D:10)
  2 wargs (Orc:2)
  2 large abominations (Abyss:3)
  2 water moccasins (D:10)
  A warg (shapeshifter) (D:8)
  4 ice beasts
  3 phantoms (D:4)
  32 orc warriors
  3 sky beasts
  2 black bears (D:9)
  2 necrophages (D:9)
  9 ogres
  A wolf (Orc:2)
  A boggart (D:6)
  A small abomination (Abyss:3)
  A crocodile (D:8)
  4 centaurs
  4 big kobolds
  Blork the orc (D:4)
  5 giant frogs
  3 scorpions
  3 wights (D:11)
  18 killer bees
  3 howler monkeys
  3 crimson imps
  A giant frog zombie (D:7)
  A wasp zombie (D:11)
  A quasit (D:10)
  8 hounds
  6 jellies
  25 orc priests
  2 iron imps
  3 centaur skeletons
  28 orc wizards
  A giant frog skeleton (D:10)
  3 iguanas
  16 worker ants
  Natasha (thrice) (D:3)
  A killer bee zombie (D:9)
  A sheep (D:7)
  3 hound zombies
  2 hound skeletons (D:9)
  3 gnolls
  18 adders
  2 shadow imps
  An ooze (D:7)
  5 worms
  5 dart slugs
  5 giant geckos
  75 orcs
  6 giant cockroaches
  15 goblins
  7 hobgoblins
  4 jackals
  23 kobolds
  4 quokkas
  A ball python (D:4)
  9 bats
  6 giant newts
  A quokka skeleton (D:5)
  A quokka zombie (D:6)
  10 rats
  A fungus (D:10)
  6 plants (D:10)
574 creatures vanquished.

Vanquished Creatures (collateral kills)
  Maud (D:10)
  An ogre (D:8)
2 creatures vanquished.

Vanquished Creatures (others)
  2 deep elf elementalists (Elf:3)
  A deep elf high priest (Elf:3)
  37 fungi
  8 plants (D:10)
48 creatures vanquished.

Grand Total: 624 creatures vanquished

Notes
Turn   | Place    | Note
--------------------------------------------------------------
     0 | D:1      | suvakkihuora the Formicid Chaos Knight began the quest for the Orb.
     0 | D:1      | Reached XP level 1. HP: 18/18 MP: 1/1
   100 | D:1      | XOM: harmless Erth miscast
   177 | D:1      | Reached XP level 2. HP: 24/24 MP: 2/2
   206 | D:1      | XOM: harmless Ice miscast
   222 | D:1      | XOM: harmless Ice miscast
   622 | D:1      | Reached XP level 3. HP: 29/29 MP: 3/3
   660 | D:2      | Reached skill level 4 in Axes
   718 | D:2      | XOM: silly message
   801 | D:2      | Reached XP level 4. HP: 35/37 MP: 4/4
   827 | D:2      | XOM: harmless Summ miscast
  1302 | D:2      | Reached skill level 5 in Axes
  1302 | D:2      | Reached XP level 5. HP: 28/42 MP: 5/5
  1715 | D:3      | XOM: divination: magic mapping
  1735 | D:3      | XOM: harmless Chrm miscast
  1898 | D:3      | XOM: noise
  1971 | D:3      | XOM: noise
  1985 | D:3      | XOM: noise
  2270 | D:3      | XOM: silly message
  2341 | D:3      | Noticed Natasha
  2354 | D:3      | Killed Natasha
  2354 | D:3      | Reached skill level 1 in Shields
  2354 | D:3      | Reached XP level 6. HP: 48/48 MP: 6/6
  2467 | D:3      | Reached skill level 6 in Axes
  2755 | D:3      | Noticed Natasha
  2769 | D:3      | XOM: draining
  2770 | D:3      | Killed Natasha
  2784 | D:3      | Noticed an ogre
  2802 | D:3      | Killed an ogre
  2873 | D:3      | Noticed Natasha
  2886 | D:3      | Killed Natasha
  2886 | D:3      | Reached XP level 7. HP: 33/53 MP: 3/7
  3279 | D:4      | XOM: summons 2 hostile shadow creatures
  3297 | D:4      | XOM: give mutation
  3297 | D:4      | Gained mutation: You are agile. (Dex +2) [Xom's mischief]
  3397 | D:4      | XOM: harmless Fire miscast
  3541 | D:4      | Found Uvele's Book Boutique.
  3541 | D:4      | Found Efa Miam's Antique Weapon Shop.
  3542 | D:4      | Found Tesunylo's Distillery.
  3543 | D:4      | XOM: summons friendly white imp
  3549 | D:4      | XOM: destruction
  3563 | D:4      | XOM: summons friendly crimson imp
  3577 | D:4      | Reached skill level 7 in Axes
  3594 | D:4      | Found Latutsus's Gadget Shop.
  3599 | D:4      | Bought a potion of heal wounds for 70 gold pieces
  3642 | D:4      | Noticed Blork the orc
  3648 | D:4      | Reached skill level 5 in Shields
  3648 | D:4      | XOM: silly message
  3662 | D:4      | Killed Blork the orc
  3662 | D:4      | Reached XP level 8. HP: 51/60 MP: 8/8
  3976 | D:4      | XOM: harmless Air miscast
  4025 | D:4      | XOM: noise
  4080 | D:4      | XOM: scenery: 1 doors open
  4258 | D:4      | XOM: give mutations
  4258 | D:4      | Gained mutation: You are weak. (Str -2) [Xom's mischief]
  4258 | D:4      | Gained mutation: Scrolls take you a little longer to read. [Xom's mischief]
  4258 | D:4      | Lost mutation: You are weak. (Str -2) [Xom's mischief]
  4354 | D:4      | XOM: mild Erth miscast
  4366 | D:5      | Entered Level 5 of the Dungeon
  4371 | D:4      | XOM: summons 4 hostile shadow creatures
  4375 | D:4      | Reached skill level 8 in Axes
  4379 | D:4      | XOM: chaos cloud
  4641 | D:5      | Found a staircase to the Ecumenical Temple.
  4798 | D:5      | XOM: severe Hex miscast
  4824 | D:5      | Gained mutation: Your spells are a little easier to cast, but a little less powerful. [mutagenic glow]
  4861 | D:5      | Gained mutation: Scrolls take you longer to read. [mutagenic glow]
  4931 | D:6      | Reached XP level 9. HP: 65/65 MP: 9/9
  4951 | D:6      | XOM: draining
  5057 | D:6      | Found Sofomn's Antique Armour Boutique.
  5059 | D:6      | Noticed Grinder
  5084 | D:6      | Killed Grinder
  5084 | D:6      | XOM: give mutation
  5084 | D:6      | Gained mutation: You expend magic power (3 MP) to strengthen your wands. [Xom's mischief]
  5104 | D:6      | XOM: noise
  5106 | D:6      | Got a transparent leather armour
  5117 | D:6      | Identified the +2 leather armour of Dokhly {Dex+4} (You found it on level 6 of the Dungeon)
  5125 | D:6      | Bought a glowing cloak for 90 gold pieces
  5143 | D:6      | XOM: mild Summ miscast
  5198 | D:6      | XOM: swap monsters
  5200 | D:6      | Reached skill level 1 in Dodging
  5205 | D:6      | Reached skill level 5 in Fighting
  5205 | D:6      | Reached skill level 9 in Axes
  5614 | D:6      | XOM: mild Ice miscast
  5658 | D:6      | XOM: give mutations
  5658 | D:6      | Gained mutation: You are dopey. (Int -2) [Xom's mischief]
  5658 | D:6      | Gained mutation: You are very dopey. (Int -4) [Xom's mischief]
  5658 | D:6      | Lost mutation: You are agile. (Dex +2) [Xom's mischief]
  5658 | D:6      | Gained mutation: You occasionally shout uncontrollably at your foes. [Xom's mischief]
  5847 | D:7      | XOM: polymorph crimson imp -> iron imp
  5861 | D:7      | XOM: chaos upgrade
  5861 | D:7      | HP: 3/68 [ogre/giant spiked club of chaos (24)]
  6939 | D:8      | XOM: chaos upgrade
  6942 | D:8      | XOM: confusion
  6946 | D:8      | XOM: polymorph centaur -> warg
  6947 | D:8      | XOM: confusion
  6956 | D:8      | XOM: summons 9 friendly demons
  6964 | D:8      | Reached XP level 10. HP: 67/76 MP: 8/10
  7081 | D:8      | XOM: summons 4 hostile demons
  7088 | D:8      | XOM: enchant monster (bad)
  7144 | D:8      | Identified a scroll of acquirement
  7319 | D:8      | XOM: summons 3 hostile shadow creatures
  7478 | D:8      | XOM: scenery: create altars
  7685 | D:9      | Found a snail-covered altar of Cheibriados.
  7699 | D:9      | XOM: scenery: create altars
  7704 | D:9      | Fell from the grace of Xom
  7704 | D:9      | Became a worshipper of Cheibriados the Contemplative
  7752 | D:9      | Reached skill level 10 in Axes
  7825 | D:9      | XOM: scenery: create altars
  7836 | D:9      | Reached * piety under Cheibriados
  8041 | D:9      | Reached skill level 5 in Dodging
  8064 | D:9      | Reached skill level 1 in Invocations
  8141 | D:9      | Reached ** piety under Cheibriados
  8208 | D:9      | XOM: medium Erth miscast
  8245 | D:9      | XOM: confusion (+ monsters)
  8261 | D:9      | XOM: confusion
  8435 | D:9      | Reached XP level 11. HP: 55/86 MP: 12/12
  8614 | D:10     | Entered Level 10 of the Dungeon
  8716 | D:10     | Found Pase's Distillery.
  8777 | D:10     | XOM: god gift: curved glowing staff {god gift}
  8796 | D:10     | Reached *** piety under Cheibriados
  8898 | D:10     | Noticed Maud
  8906 | D:10     | Killed Maud
  8906 | D:10     | Reached skill level 11 in Axes
  9114 | D:10     | Found a staircase to the Lair.
  9123 | D:10     | Reached skill level 5 in Invocations
  9198 | D:10     | XOM: silly message
  9224 | D:10     | Reached skill level 5 in Armour
  9227 | D:10     | Found a runed door.
  9259 | D:10     | Found a runed gate.
  9260 | D:10     | Found a runed door.
  9266 | D:10     | Found a runed gate.
  9266 | D:10     | Found a runed gate.
  9287 | D:10     | Reached **** piety under Cheibriados
  9473 | D:10     | XOM: noise
  9596 | D:10     | XOM: noise
  9649 | D:11     | Reached ***** piety under Cheibriados
  9791 | D:11     | Noticed a hill giant
  9797 | D:11     | Killed a hill giant
  9797 | D:11     | Reached XP level 12. HP: 92/92 MP: 17/17
  9857 | D:11     | XOM: mild Divn miscast
 10030 | D:11     | Noticed a four-headed hydra
 10035 | D:11     | Killed a five-headed hydra
 10035 | D:11     | Reached skill level 12 in Axes
 10163 | D:11     | XOM: polymorph ice beast -> spiny frog
 10203 | D:11     | XOM: mild Ice miscast
 10221 | D:11     | Found a staircase to the Orcish Mines.
 10229 | D:11     | Found a roughly hewn altar of Beogh.
 10252 | Orc:1    | Entered Level 1 of the Orcish Mines
 10265 | Orc:1    | XOM: mild Air miscast
 10340 | Orc:1    | XOM: confusion (+ monsters)
 10345 | Orc:1    | Noticed an orc high priest
 10494 | Orc:2    | Entered Level 2 of the Orcish Mines
 10540 | Orc:2    | Reached ****** piety under Cheibriados
 10582 | Orc:2    | Found a staircase to the Elven Halls.
 10595 | Orc:2    | Found a flickering gateway to a bazaar.
 10611 | Orc:2    | Found a roughly hewn altar of Beogh.
 10644 | Bazaar   | XOM: noise
 10644 | Bazaar   | Entered a bazaar
 10665 | Bazaar   | Found Viconn's Antique Armour Boutique.
 10673 | Bazaar   | Found Rolol's Antique Armour Emporium.
 10724 | Bazaar   | Found Qijaung's Antique Weapon Shoppe.
 10740 | Bazaar   | XOM: summons 9 hostile demons
 10835 | Bazaar   | Bought a glowing shield for 90 gold pieces
 10855 | Bazaar   | Bought a runed buckler for 103 gold pieces
 10967 | Orc:2    | XOM: mild Divn miscast
 11004 | Orc:2    | XOM: medium Air miscast
 11085 | Orc:2    | Reached XP level 13. HP: 83/98 MP: 20/20
 11244 | Orc:2    | Reached skill level 10 in Invocations
 11257 | Orc:2    | Reached skill level 13 in Axes
 11393 | Orc:2    | Noticed an orc warlord
 11405 | Orc:2    | Killed an orc warlord
 11405 | Orc:2    | Reached skill level 10 in Armour
 11632 | Orc:2    | Found Lauwof's Antique Armour Emporium.
 11633 | Orc:2    | Found Norejun's Antique Weapon Emporium.
 11634 | Orc:2    | Found Xoezuyfe's General Store.
 11634 | Orc:2    | Found Funyfera's Jewellery Shoppe.
 11648 | Orc:2    | Bought a pair of runed boots for 121 gold pieces
 11687 | Orc:2    | Was forgiven by Xom
 11731 | Elf:1    | Entered Level 1 of the Elven Halls
 11734 | Elf:1    | Found Mefun's Antique Armour Shoppe.
 11754 | Elf:1    | Bought a pair of runed gloves for 180 gold pieces
 11793 | Elf:1    | Reached skill level 14 in Axes
 11931 | Elf:1    | Reached XP level 14. HP: 105/106 MP: 21/21
 12160 | Elf:1    | Noticed a deep elf demonologist
 12162 | Elf:1    | Noticed a cacodemon
 12165 | Elf:1    | Killed a deep elf demonologist
 12208 | Elf:1    | Noticed a deep elf annihilator
 12217 | Elf:1    | Killed a deep elf annihilator
 12487 | Elf:1    | Noticed a deep elf annihilator
 12500 | Elf:1    | Killed a deep elf annihilator
 12554 | Elf:1    | Reached skill level 10 in Fighting
 12780 | Elf:1    | Reached skill level 15 in Axes
 12982 | Elf:1    | Noticed a deep elf annihilator
 12997 | Elf:1    | Noticed a deep elf sorcerer
 12998 | Elf:1    | Killed a deep elf annihilator
 13006 | Elf:1    | Killed a deep elf sorcerer
 13019 | Elf:1    | Reached XP level 15. HP: 107/117 MP: 22/22
 13145 | Elf:1    | Gained mutation: Your magical capacity is low. (-10% MP) [a neqoxec]
 13496 | Elf:3    | Entered Level 3 of the Elven Halls
 13496 | Elf:3    | Found Fosyv's Gadget Boutique.
 13510 | Elf:3    | Noticed a deep elf sorcerer
 13511 | Elf:3    | Noticed a deep elf elementalist
 13524 | Elf:3    | Killed a deep elf sorcerer
 13528 | Elf:3    | Killed a deep elf elementalist
 13628 | Elf:3    | Noticed a deep elf sorcerer
 13639 | Elf:3    | Killed a deep elf sorcerer
 13713 | Elf:3    | Noticed a deep elf elementalist
 13723 | Elf:3    | Killed a deep elf elementalist
 13743 | Elf:3    | Got a vibrating amber ring
 13746 | Elf:3    | Identified the ring of the Curious Runes {rElec rPois rC+ MR- Int+4} (You took it off a deep elf elementalist on level 3 of the Elven Halls)
 13781 | Elf:3    | Noticed a deep elf sorcerer
 13784 | Elf:3    | Killed a deep elf sorcerer
 13805 | Elf:3    | Noticed a deep elf sorcerer
 13814 | Elf:3    | Cast into level 3 of the Abyss (a deep elf sorcerer)
 14091 | Abyss:3  | Noticed a bone dragon
 14106 | Abyss:4  | Noticed an angel
 14123 | Abyss:4  | Killed an angel
 14129 | Abyss:4  | Found a corrupted altar of Lugonu.
 14129 | Abyss:4  | Found a glowing golden altar of the Shining One.
 14139 | Abyss:4  | Noticed a daeva
 14154 | Abyss:4  | Noticed an ironheart preserver
 14159 | Abyss:4  | Killed a daeva
 14179 | Abyss:4  | Reached skill level 16 in Axes
 14179 | Abyss:4  | Reached XP level 16. HP: 34/127 MP: 6/21
 14193 | Abyss:4  | Noticed a juggernaut
 14200 | Abyss:4  | Got an abyssal rune of Zot
 14211 | Abyss:4  | HP: 4/127 [juggernaut (45)]
 14213 | Abyss:4  | Killed a juggernaut
 14383 | Abyss:4  | Found a corrupted altar of Lugonu.
 14392 | Elf:3    | Escaped the Abyss
 14397 | Elf:3    | Killed a deep elf sorcerer
 14465 | Elf:3    | Noticed a deep elf master archer
 14511 | Elf:3    | Killed a deep elf master archer
 14646 | Elf:3    | Noticed a deep elf blademaster
 14658 | Elf:3    | Killed a deep elf blademaster
 14771 | Elf:3    | Noticed an Ice Fiend
 14772 | Elf:3    | Noticed a deep elf blademaster
 14784 | Elf:3    | Killed from afar by an Ice Fiend

Vault maps used:
D:1:      scummos_arrival_checkerplants
D:2:      minivault_19, st_stairs_5
D:3:      first_bread, uniq_natasha
D:4:      minmay_shoptagon, uniq_blork_the_orc
D:5:      interstate_on_off
D:6:      serial_shops, nicolae_shop_waterfront, uniq_grinder
D:9:      lemuel_crystal_altar, blue_anna_alchemist, grunt_potential
D:10:     due_lair_maze_entry_diamond, serial_shops, shop,
          minmay_guarded_unrand_staff_of_olgreb, uniq_maud
D:11:     minmay_statue_hallways, minmay_orc_entry_temple_small
Orc:1:    giant_chief_lemuel, serial_shops, nicolae_shop_statue_plus,
          uniq_nergalle
Orc:2:    st_orc_congregation, basic_altar, serial_shops, bzr_entry_customers
Elf:1:    serial_shops, shop, hangedman_elf_represent, grunt_megastairs_2
Elf:2:    serial_shops, shop, uniq_saint_roka, uniq_aizul
Elf:3:    grunt_elf_hall_diamonds, basic_altar, serial_shops, shop, shop,
          shop_statue, shop, nicolae_shop_window_shopping
Abyss:3:  evilmike_nicolae_abyss_rune_betentacled_crabyss
Abyss:4:  evilmike_abyss_rune_tso_outpost
Bazaar:   bazaar_jpeg_ninerooms_3

Skill      XL: |  1  2  3  4  5  6  7  8  9 10 11 12 13 14 15 16 |
---------------+-------------------------------------------------+-----
Axes           | 4 5 6 7 8 9 10 11 12 14 15 16 | 16.4
Shields        | 1 3 5 7 8 9 |  9.0
Fighting       | 4 6 7 8 10 12 | 12.9
Dodging        | 2 5 7 8 |  8.3
Invocations    | 2 7 9 10 | 10.4
Armour         | 6 8 11 13 14 | 14.6

Action                   |  1- 3 |  4- 6 |  7- 9 | 10-12 | 13-15 | 16-18 || total
-------------------------+-------+-------+-------+-------+-------+-------++-------
Melee: Hand axe          |    56 |   233 |   534 |    61 |       |       ||   884
       Broad axe         |       |       |       |   209 |       |       ||   209
       Battleaxe         |       |       |       |   328 |   666 |    99 ||  1093
Throw: Tomahawk          |       |       |     1 |       |       |       ||     1
       Javelin           |       |       |       |       |     5 |       ||     5
Invok: Slouch            |       |       |       |       |     4 |     1 ||     5
       Step From Time    |       |       |       |       |       |     2 ||     2
 Abil: Dig               |       |     1 |     1 |     6 |    15 |     1 ||    24
Evoke: Phial of floods   |       |       |       |     1 |       |     1 ||     2
       Wand              |       |       |       |     4 |       |       ||     4
  Use: Scroll            |       |       |     9 |    15 |     3 |       ||    27
       Potion            |       |       |     1 |     1 |     4 |     4 ||    10
 Stab: Petrified         |       |     2 |       |       |       |       ||     2
       Paralysed         |       |     1 |     5 |     2 |       |       ||     8
       Sleeping          |       |     1 |       |     1 |       |       ||     2
       Petrifying        |       |     1 |       |       |       |       ||     1
       Confused          |       |       |     4 |       |       |       ||     4
       Distracted        |       |       |       |     1 |     2 |       ||     3
  Eat: Chunk             |       |     7 |     8 |     4 |     7 |       ||    26
       Meat ration       |       |       |     1 |     1 |       |       ||     2
       Beef jerky        |       |       |     1 |       |     3 |       ||     4
       Pizza             |       |       |       |     2 |       |       ||     2
       Fruit             |       |       |       |       |     1 |       ||     1
Armor: Leather armour    |    16 |    47 |    62 |    28 |       |       ||   153
       Plate armour      |       |       |       |   114 |   168 |    23 ||   305
Dodge: Dodged            |    44 |   199 |   246 |   405 |   228 |    25 ||  1147
Block: Shield            |       |       |   212 |   422 |   453 |    44 ||  1131
